 Dungeon Crawl Stone Soup version 0.28.0-43-g3370ac3207 (webtiles) character file.

Game seed: 7442891723024617033

95 Ablot the Grasshopper (level 4, 0/38 HPs)
             Began as a Gnoll Warper on Mar 22, 2022.
             Slain by a worm (2 damage)
             ... on level 2 of the Dungeon.
             The game lasted 00:02:31 (1552 turns).

Ablot the Grasshopper (Gnoll Warper)                Turns: 1552, Time: 00:02:32

Health: 0/38       AC:  7    Str: 12    XL:     4   Next: 65%
Magic:  11/11      EV: 13    Int: 12    God:
Gold:   56         SH:  0    Dex: 12    Spells: 11/13 levels left

rFire   . . .      SeeInvis .   d - +2 dagger (vamp)
rCold   . . .      Faith    .   (no shield)
rNeg    . . .      Spirit   .   b - +0 leather armour
rPois   .          Reflect  .   r - +0 helmet
rElec   .          Harm     .   (no cloak)
rCorr   .          Rampage  .   k - +2 pair of gloves
Will    .....                   (no boots)
Stlth   +.........              (no amulet)
HPRegen 0.12/turn               (no ring)
MPRegen 0.12/turn               (no ring)

@: no status effects
A: fangs 1, strong nose, distributed training
a: no special abilities


You were on level 2 of the Dungeon.
You visited 1 branch of the dungeon, and saw 2 of its levels.

You collected 56 gold pieces.

Inventory:

Hand Weapons
 a - a +0 spear
 d - a +2 vampiric dagger (weapon)
 w - a +2 falchion of holy wrath
Missiles
 g - 5 stones
 h - 6 poisoned darts
 i - 4 boomerangs (quivered)
 p - 5 boomerangs of dispersal
Armour
 b - a +0 leather armour (worn)
 k - a +2 pair of gloves (worn)
 r - a +0 helmet (worn)
Magical Staves
 l - a staff of death
Jewellery
 n - a ring of fire
Scrolls
 c - a scroll of blinking
 f - 5 scrolls of identify {unknown}
 m - a scroll of immolation {unknown}
 o - a scroll of teleportation {unknown}
Potions
 e - a potion of haste {unknown}
 j - a potion of ambrosia {unknown}
 q - a potion of brilliance {unknown}


   Skills:
 + Level 4.6 Fighting
 + Level 1.2 Short Blades
 + Level 1.2 Long Blades
 + Level 1.2 Axes
 + Level 1.2 Maces & Flails
 + Level 4.6 Polearms
 + Level 1.2 Staves
 + Level 1.2 Slings
 + Level 1.2 Bows
 + Level 1.2 Crossbows
 + Level 2.8 Throwing
 + Level 2.8 Armour
 + Level 4.6 Dodging
 + Level 1.2 Stealth
 + Level 1.2 Shields
 + Level 1.2 Unarmed Combat
 + Level 5.1 Spellcasting
 + Level 1.0 Conjurations
 + Level 1.0 Hexes
 + Level 1.0 Summonings
 + Level 1.0 Necromancy
 + Level 5.5 Translocations
 + Level 1.0 Transmutations
 + Level 1.0 Fire Magic
 + Level 1.0 Ice Magic
 + Level 1.0 Air Magic
 + Level 1.0 Earth Magic
 + Level 1.0 Poison Magic
 + Level 1.3 Invocations
 + Level 1.2 Evocations


You had 11 spell levels left.
You knew the following spells:

 Your Spells              Type           Power      Damage    Failure   Level
a - Blink                 Tloc           32%        N/A       4%          2

Your spell library contained the following spells:

 Spells                   Type           Power      Damage    Failure   Level
 Gell's Gravitas          Tloc           16%        N/A       8%          3
 Lesser Beckoning         Tloc           16%        N/A       8%          3
 Teleport Other           Tloc           16%        N/A       8%          3
 Manifold Assault         Tloc           16%        N/A       58%         5


Dungeon Overview and Level Annotations

Branches:
Dungeon (2/15)

Altars:


Innate Abilities, Weirdness & Mutations

You have very sharp teeth.
Your uncanny sense of smell can sniff out nearby items.
Your experience applies equally to all skills.


Message History

The kobold hits you but does no damage. The crimson imp hits you.
* * * LOW HITPOINT WARNING * * *
You hit Natasha but do no damage.
Natasha is almost dead.
Natasha mumbles some strange words.
The kobold completely misses you. The crimson imp barely misses you.
You hit Natasha.
You feel better.
Your bite misses Natasha.
Natasha is almost dead.
Natasha casts a spell at you. The magic dart hits you.
* * * LOW HITPOINT WARNING * * *
The kobold hits you with a +0 club.
* * * LOW HITPOINT WARNING * * *
The crimson imp hits you but does no damage.
You closely miss Natasha. Your bite misses Natasha.
Natasha is almost dead.
The crimson imp disappears in a puff of smoke!
Natasha casts a spell at you. The magic dart hits you.
* * * LOW HITPOINT WARNING * * *
The kobold barely misses you. The worm barely misses you.
You hit Natasha.
You kill Natasha!
Natasha growls in agony!
The white imp disappears in a puff of smoke!
The crimson imp disappears in a puff of smoke!
The kobold misses you.
Your Conjurations skill increases to level 1!
Your Hexes skill increases to level 1!
Your Summonings skill increases to level 1!
Your Necromancy skill increases to level 1!
Your Transmutations skill increases to level 1!
Your Fire Magic skill increases to level 1!
Your Ice Magic skill increases to level 1!
Your Air Magic skill increases to level 1!
Your Earth Magic skill increases to level 1!
Your Poison Magic skill increases to level 1!
Unknown command.
The worm bites you.
You die...

# #.# ## ####.## .## ∆ #.
.....##### ..## #.#.
#....#... ...###.#.#
#....#.## .. ....#...#
#...§...#... .........
#..§.w>..... ......#
#).@K§......
.....#########...w.......
.........................
....####.................
....# #..................
....###.######.........##
##......# ###########
...#..### #....##


You could see 2 worms and a kobold.

Vanquished Creatures
  Natasha (D:2)
  Robin (D:1)
  An adder (D:1)
  A dart slug (D:1)
  4 endoplasms
  10 goblins
  6 hobgoblins
  6 jackals (D:1)
  4 ball pythons (D:1)
  4 bats (D:1)
  A frilled lizard (D:1)
  2 kobolds (D:1)
  3 rats (D:1)
44 creatures vanquished.

Notes
Turn   | Place    | Note
-------+----------+-------------------------------------------
     0 | D:1      | Ablot the Gnoll Warper began the quest for the Orb.
     0 | D:1      | Reached XP level 1. HP: 20/20 MP: 6/6
    83 | D:1      | Reached XP level 2. HP: 20/26 MP: 7/7
   107 | D:1      | Learned a level 2 spell: Blink
   702 | D:1      | Reached XP level 3. HP: 22/31 MP: 9/9
   932 | D:1      | Reached skill level 5 in Spellcasting
   997 | D:1      | Reached skill level 1 in Invocations
  1046 | D:2      | Noticed Robin
  1244 | D:1      | Reached skill level 1 in Short Blades
  1244 | D:1      | Reached skill level 1 in Long Blades
  1244 | D:1      | Reached skill level 1 in Axes
  1244 | D:1      | Reached skill level 1 in Maces & Flails
  1244 | D:1      | Reached skill level 1 in Staves
  1244 | D:1      | Reached skill level 1 in Slings
  1244 | D:1      | Reached skill level 1 in Bows
  1244 | D:1      | Reached skill level 1 in Crossbows
  1244 | D:1      | Reached skill level 1 in Stealth
  1244 | D:1      | Reached skill level 1 in Shields
  1244 | D:1      | Reached skill level 1 in Unarmed Combat
  1244 | D:1      | Reached skill level 1 in Evocations
  1323 | D:1      | Killed Robin
  1324 | D:1      | Reached XP level 4. HP: 21/38 MP: 11/11
  1531 | D:2      | Noticed Natasha
  1551 | D:2      | Killed Natasha
  1552 | D:2      | Reached skill level 1 in Conjurations
  1552 | D:2      | Reached skill level 1 in Hexes
  1552 | D:2      | Reached skill level 1 in Summonings
  1552 | D:2      | Reached skill level 1 in Necromancy
  1552 | D:2      | Reached skill level 1 in Transmutations
  1552 | D:2      | Reached skill level 1 in Fire Magic
  1552 | D:2      | Reached skill level 1 in Ice Magic
  1552 | D:2      | Reached skill level 1 in Air Magic
  1552 | D:2      | Reached skill level 1 in Earth Magic
  1552 | D:2      | Reached skill level 1 in Poison Magic
  1552 | D:2      | Slain by a worm

Illustrated notes

Levels and vault maps discovered:
D:1:      minmay_arrival_open_corners, layout_basic, serial_glass,
          glass_columns_a, glass_columns_a, glass_columns_a, glass_columns_b,
          minmay_misc_feat_enclosed, minmay_pentomino_o2
D:2:      minmay_inner_zag, layout_rooms, minmay_snake_closets, uniq_natasha,
          uniq_robin

Skill      XL: |  1  2  3  4 |
---------------+-------------+-----
Spellcasting   | 5 |  5.1
Invocations    | 1 |  1.3
Short Blades   | 1 |  1.2
Long Blades    | 1 |  1.2
Axes           | 1 |  1.2
Maces & Flails | 1 |  1.2
Staves         | 1 |  1.2
Slings         | 1 |  1.2
Bows           | 1 |  1.2
Crossbows      | 1 |  1.2
Stealth        | 1 |  1.2
Shields        | 1 |  1.2
Unarmed Combat | 1 |  1.2
Evocations     | 1 |  1.2
Conjurations   | 1 |  1.0
Hexes          | 1 |  1.0
Summonings     | 1 |  1.0
Necromancy     | 1 |  1.0
Transmutations | 1 |  1.0
Fire Magic     | 1 |  1.0
Ice Magic      | 1 |  1.0
Air Magic      | 1 |  1.0
Earth Magic    | 1 |  1.0
Poison Magic   | 1 |  1.0
Fighting       | |  4.6
Polearms       | |  4.6
Throwing       | |  2.8
Armour         | |  2.8
Dodging        | |  4.6
Translocations | |  5.5

Action                   |  1- 3 |  4- 6 || total
-------------------------+-------+-------++-------
Melee: Spear             |   123 |       ||   123
       Punch             |     4 |       ||     4
       Bite              |    10 |       ||    10
       Dagger            |    36 |    20 ||    56
 Stab: Sleeping          |     1 |     1 ||     2
Armor: Leather armour    |    63 |    10 ||    73
Dodge: Dodged            |    97 |    24 ||   121
